 Dungeon Crawl Stone Soup version 0.28.0-53-g5a82cb258f (webtiles) character file.

Game seed: 6044661751826927533

39 Ethylacetat the Shooter (level 3, -2/32 HPs)
             Began as a Naga Hunter on May 23, 2022.
             Slain by Terence
             ... wielding a +0 trident
              (7 damage)
             ... on level 2 of the Dungeon.
             The game lasted 00:04:20 (1253 turns).

Ethylacetat the Shooter (Naga Hunter)               Turns: 1253, Time: 00:04:21

Health: -2/32      AC:  2    Str: 14    XL:     3   Next: 45%
Magic:  3/3        EV:  9    Int: 11    God:
Gold:   49         SH:  0    Dex: 13    Spells: 2/2 levels left

rFire   . . .      SeeInvis +   a - +1 shortbow
rCold   . . .      Faith    .   (shield currently unavailable)
rNeg    . . .      Spirit   .   c - +0 leather armour
rPois   +          Reflect  .   (no helmet)
rElec   .          Harm     .   (no cloak)
rCorr   .          Rampage  .   (no gloves)
Will    .....                   (no barding)
Stlth   ++........              (no amulet)
HPRegen 0.10/turn               (no ring)
MPRegen 0.08/turn               (no ring)

@: short of breath, on berserk cooldown, slowed, very slow
A: AC +1, large, see invisible, deformed body, poison resistance, slowness 2,
spit poison 1, naga tail 1
a: Spit Poison


You were on level 2 of the Dungeon.
You visited 1 branch of the dungeon, and saw 2 of its levels.

You collected 49 gold pieces.

Inventory:

Hand Weapons
 a - a +1 shortbow (weapon)
 b - a +1 dagger of draining
 g - a +2 short sword of venom
 k - a +0 whip of electrocution
Missiles
 d - 113 arrows (quivered ammo)
Armour
 c - a +0 leather armour (worn)
Scrolls
 f - a scroll of noise {unknown}
 h - 2 scrolls of teleportation {unknown}
 j - a scroll of identify {unknown}


   Skills:
 + Level 2.1 Fighting
 + Level 0.1 Short Blades
 * Level 4.6 Bows
 - Level 1.5 Dodging
 - Level 1.5 Stealth


You had 2 spell levels left.
You didn't know any spells.
Your spell library was empty.

Dungeon Overview and Level Annotations

Branches:
Dungeon (2/15)

Altars:

Annotations:
D:2 Terence


Innate Abilities, Weirdness & Mutations

Your serpentine skin is tough. (AC +1)
You have supernaturally acute eyesight. (SInv)
Armour fits poorly on your strangely shaped body.
Your system is resistant to poisons. (rPois)
You cover ground very slowly.
You can spit poison.
You have a snake-like lower body.


Message History

You feel less confused. Terence hits you but does no damage.
You are confused.
You feel invigorated.
Your transformation is almost over.
Terence hits you but does no damage. x2
Terence hits you but does no damage. Terence hits you but does no damage.
Terence hits you from afar with a +0 trident.
You feel less invigorated.
You feel less confused.
Terence hits you from afar with a +0 trident!
Terence hits you from afar with a +0 trident.
A frilled lizard comes into view.
Terence hits you from afar with a +0 trident.
Terence hits you from afar with a +0 trident.
You feel less wooden.
Your +0 leather armour unmelds from your body.
Terence hits you from afar with a +0 trident!
Terence closely misses you.
Aiming: Spit Poison (2% risk of failure)
Press: ? - help, Shift-Dir - straight line, f/p - Terence
Aim: Terence, wielding a +0 trident and wearing a +0 chain mail (moderately wounded, 70% to hit)
The splash of poison hits Terence but does no damage.
Terence is moderately wounded.
Terence hits you from afar with a +0 trident.
* * * LOW HITPOINT WARNING * * *
Your +2 short sword of venom stops dripping with poison.
a - a +1 shortbow (weapon)
Terence hits you from afar with a +0 trident.
* * * LOW HITPOINT WARNING * * *
Fire: 114 arrows
Press: ? - help, Q - select action, (/) - cycle Shift-Dir - straight line, f/p - Terence
Aim: Terence, wielding a +0 trident and wearing a +0 chain mail (moderately wounded, 69% to hit)
You shoot an arrow.
The arrow hits Terence but does no damage.
Terence is moderately wounded.
Terence closely misses you.
Terence hits you from afar with a +0 trident!
You die...

#.# ..... ###.# ...
#...# ... # #.#.#
#####.#### #.##.#.#
#........# #
##.....l###.###..#.# .#
#................#.##.#
...####.####.#..)......#
#@# #.#..#.#..### #.#
#....)....... #.@.#
###....#..### #.#.#
#.#.....### .....#
#.#.###.#.. .## .##
#.... ..#.# #. #. ##..
### . .. #.. #. #..


You could see Terence and a frilled lizard.

Vanquished Creatures
  An adder (D:2)
  A dart slug (D:2)
  3 endoplasms (D:1)
  A giant cockroach (D:1)
  3 goblins
  4 jackals (D:1)
  4 kobolds
  A quokka (D:1)
  2 ball pythons
  3 frilled lizards (D:1)
  2 rats (D:1)
25 creatures vanquished.

Notes
Turn   | Place    | Note
-------+----------+-------------------------------------------
     0 | D:1      | Ethylacetat the Naga Hunter began the quest for the Orb.
     0 | D:1      | Reached XP level 1. HP: 19/19 MP: 1/1
    48 | D:1      | Reached skill level 4 in Bows
    48 | D:1      | Reached XP level 2. HP: 25/26 MP: 2/2
   914 | D:1      | Found a faded altar of an unknown god.
  1020 | D:2      | Reached XP level 3. HP: 32/32 MP: 3/3
  1221 | D:2      | Noticed Terence
  1235 | D:2      | HP: 2/72 [Terence/+0 trident (5)]
  1240 | D:2      | HP: 1/48 [Terence/+0 trident (9)]
  1253 | D:2      | Slain by Terence

Illustrated notes

Levels and vault maps discovered:
D:1:      wheals_arrival_shading, layout_rooms,
          shapermc_ecumenical_altar_mp_highgroup, minivault_23
D:2:      layout_loops_cross, basic_altar, st_stairs_8, uniq_terence,
          uniq_jessica

Skill      XL: |  1 |
---------------+----+-----
Bows           | 4 |  4.6
Fighting       | |  2.1
Short Blades   | |  0.1
Dodging        | |  1.5
Stealth        | |  1.5

Action                   || total
-------------------------++-------
Melee: Short sword       ||    37
 Fire: Shortbow          ||    11
 Abil: Spit Poison       ||    17
  Use: Potion            ||     4
 Stab: Sleeping          ||     2
Armor: Leather armour    ||    10
       Skin              ||    21
Dodge: Dodged            ||    16
